 Dungeon Crawl Stone Soup version 0.29.1-15-g9cfb28693d (webtiles) character file.

Game seed: 15364279035234496803

9 protoss039 the Digger (level 2, 6/20 HPs)
             Began as a Demonspawn Earth Elementalist on Mar 12, 2023.
             Got out of the dungeon alive.
             The game lasted 00:00:35 (682 turns).

protoss039 the Digger (DsEE)                         Turns: 682, Time: 00:00:36

Health: 6/20       AC:  5    Str:  8    XL:     2   Next: 3%
Magic:  5/5        EV: 10    Int: 16    God:
Gold:   12         SH:  0    Dex: 13    Spells: 4/5 levels left

rFire   . . .      SeeInvis .   f - +0 spear
rCold   . . .      Faith    .   (no shield)
rNeg    . . .      Spirit   .   k - +0 ring mail
rPois   .          Reflect  .   (helmet restricted)
rElec   .          Harm     .   (no cloak)
rCorr   .          Rampage  .   (no gloves)
Will    .....                   (no boots)
Stlth   +.........              (no amulet)
HPRegen 0.06/turn               (no ring)
MPRegen 0.09/turn               (no ring)

@: no status effects
A: horns 1
a: no special abilities


You escaped.
You visited 1 branch of the dungeon, and saw 1 of its levels.

You collected 12 gold pieces.

Inventory:

Hand Weapons
 f - a +0 spear (weapon)
Armour
 k - a +0 ring mail (worn)
Scrolls
 c - a scroll of enchant armour {unknown}
 g - 2 scrolls of identify {unknown}
 h - a scroll of teleportation {unknown}
 i - a scroll of amnesia {unknown}
 j - a scroll of summoning {unknown}
Potions
 b - a potion of magic
 d - a potion of attraction {unknown}
 e - a potion of resistance {unknown}


   Skills:
 + Level 0.8 Fighting
 - Level 1.7 Dodging
 - Level 1.7 Stealth
 + Level 2.2 Spellcasting
 - Level 0.8 Transmutations
 + Level 2.9 Earth Magic


You had 4 spell levels left.
You knew the following spells:

 Your Spells              Type           Power      Damage    Failure   Level
a - Sandblast             Erth           22%        2d7       19%         1

Your spell library contained the following spells:

 Spells                   Type           Power      Damage    Failure   Level
 Passwall                 Tmut/Erth      5%         N/A       41%         2
 Stone Arrow              Conj/Erth      12%        3d7       71%         3
 Petrify                  Tmut/Erth      7%         N/A       96%         4


Dungeon Overview and Level Annotations

Branches:
Dungeon (1/15) Zot: 5311

Altars:


Innate Abilities, Weirdness & Mutations

You have a pair of small horns on your head.


Message History

Reach: f) +0 spear
Press: ? - help, Dir - move target, f/p - giant cockroach
Aim: a giant cockroach (almost dead, about 41% to evade your +0 spear)
You hit the giant cockroach but do no damage.
The giant cockroach is almost dead.
The giant cockroach bites you but does no damage.
The goblin hits you but does no damage.
The giant cockroach bites you but does no damage.
Unknown command.
Reach: f) +0 spear
Press: ? - help, Dir - move target, f/p - giant cockroach
Aim: a giant cockroach (almost dead, about 41% to evade your +0 spear)
You hit the giant cockroach.
You kill the giant cockroach!
The goblin hits you but does no damage.
Unknown command.
Unknown command.
Reach: f) +0 spear
Press: ? - help, Dir - move target, f - goblin
Aim: a goblin, wielding a +0 club (about 49% to evade your +0 spear)
You closely miss the goblin. The goblin hits you with a +0 club.
* * * LOW HITPOINT WARNING * * *
Unknown command.
Reach: f) +0 spear
Press: ? - help, Dir - move target, f/p - goblin
Aim: a goblin, wielding a +0 club (about 49% to evade your +0 spear)
You hit the goblin.
You kill the goblin!
You have reached level 2!
Your demonic ancestry asserts itself...
A pair of horns grows on your head!
Unknown command.
You now have 12 gold pieces.
You see here a +0 robe.
Things that are here:
a +0 short sword; 5 stones
There is an open door here.
There is a staircase leading out of the dungeon here.
Are you sure you want to leave the Dungeon?
This will make you lose the game!
You have escaped! _PP

##P ..####### #### #.##....###
...# #.........# #########
##..++++++.####
........###...+....+....#
..##..........+....+.##.#
#.##..........+.@..+.##)#
#.##..........+....+..#.# #
..#####.#####.++'+++#.#.##.###.
...............................
#...................#.#.#######
...#.##.#########.#.#.#.......#
........# #.#.#....####.#
...##.### #.#.#....##
......###########.#.#.....#


There were no monsters in sight!

Vanquished Creatures
  2 giant cockroaches (D:1)
  A goblin (D:1)
  A hobgoblin (D:1)
  A ball python (D:1)
  A frilled lizard (D:1)
  2 kobolds (D:1)
  A rat (D:1)
9 creatures vanquished.

Notes
Turn   | Place    | Note
-------+----------+-------------------------------------------
     0 | D:1      | protoss039 the Demonspawn Earth Elementalist began the
                  | quest for the Orb.
     0 | D:1      | Reached XP level 1. HP: 13/13 MP: 3/3
   403 | D:1      | Found a faded altar of an unknown god.
   631 | D:1      | Gained mutation: You have a pair of small horns on your
                  | head. [demonic ancestry]
   631 | D:1      | Reached XP level 2. HP: 3/20 MP: 0/5
   682 | D:$      | Got out of the dungeon alive.

Illustrated notes

Levels and vault maps discovered:
D:1:      lightli_arrival_maybe_door_vault, layout_basic,
          shapermc_ecumenical_altar_flowoftime, minmay_curled_crystal

Action                   || total
-------------------------++-------
Melee: Spear             ||    29
       Club              ||     1
       Punch             ||     1
 Cast: Sandblast         ||     9
 Stab: Sleeping          ||     1
Armor: Ring mail         ||    18
       Robe              ||     2
Dodge: Dodged            ||    28
